 Dungeon Crawl Stone Soup version 0.31-a0-145-g046c7d2549 (webtiles) character file.

Game seed: 7532100185756795369

1084 Barriton the Magician (level 8, -1/54 (59) HPs)
             Began as a Purple Draconian Fire Elementalist on June 6, 2023.
             Slain by a wight
             ... wielding a +0 dire flail
              (2 damage)
             ... on level 6 of the Dungeon.
             The game lasted 00:11:02 (6402 turns).

Barriton the Magician (DrFE)                        Turns: 6402, Time: 00:11:02

HP:   -1/54 (59)    AC:  8    Str: 17    XL:     8   Next: 8%
MP:   3/18          EV: 12    Int: 18    God:
Gold: 212           SH:  5    Dex: 11    Spells: 17/21 levels left

rFire   . . .        n - staff of air
rCold   . . .        (no shield)
rNeg    . . .        (body armour unavailable)
rPois   .            (helmet restricted)
rElec   +            (no cloak)
rCorr   .            i - +0 pair of gloves
SInv    .            f - +0 pair of boots
Will    +....        h - amulet of reflection
Stlth   ++           k - +6 ring of strength
HPRegen 0.29/turn    (no ring)
MPRegen 0.16/turn

%: reflection
@: drained
A: breathe power, AC +6, unfitting armour, cold-blooded
a: Breathe Dispelling Energy


You were on level 6 of the Dungeon.
You visited 1 branch of the dungeon, and saw 6 of its levels.

You collected 212 gold pieces.

Inventory:

Armour
 f - a +0 pair of boots (worn)
 i - a +0 pair of gloves (worn)
Magical Staves
 n - a staff of air (weapon)
Jewellery
 h - an amulet of reflection (around neck)
 k - a +6 ring of strength (left hand)
 m - the Hermit's Pendant {Faith Invo=14 Evo=0 MP+5}
   (You found it on level 3 of the Dungeon)

   [amulet of faith]

   Invo=14: It sets your Invocations skill to 14.
   Evo=0: It sets your Evocations skill to 0.
   It allows you to gain divine favour quickly.
   MP:        It affects your magic capacity (+5).
Wands
 p - a wand of mindburst (29)
Scrolls
 g - 2 scrolls of magic mapping
 q - a scroll of teleportation
 r - 2 scrolls of identify
Potions
 a - a potion of experience {unknown}
 b - a potion of lignification
 c - 4 potions of curing
 d - 2 potions of degeneration {unknown}
 e - a potion of might {unknown}
 j - a potion of attraction {unknown}
 l - a potion of berserk rage {unknown}
 o - 2 potions of enlightenment {unknown}
 s - a potion of haste {unknown}


   Skills:
 + Level 1.1 Fighting
 + Level 1.3 Staves
 + Level 2.8 Dodging
 + Level 2.3 Stealth
 + Level 0.3 Shields
 + Level 0.9 Unarmed Combat
 + Level 7.1 Spellcasting
 + Level 2.7 Conjurations
 + Level 5.6 Fire Magic
 + Level 0.4 Air Magic
 * Level 2.0 Evocations


You had 17 spell levels left.
You knew the following spells:

 Your Spells              Type           Power      Damage    Failure   Level
a - Foxfire               Conj/Fire      84%        2x1d8     1%          1
b - Scorch                Fire           52%        2d7       1%          2
c - Shock                 Conj/Air       72%        1d7       5%          1

Your spell library contained the following spells:

 Spells                   Type           Power      Damage    Failure   Level
 Inner Flame              Hex/Fire       16%        N/A       10%         3
 Volatile Blastmotes      Fire/Tloc      32%        2d12      10%         3
 Slow                     Hex            24%        N/A       11%         1
 Flame Wave               Conj/Fire      21%        2d8       19%         4
 Swiftness                Air            12%        N/A       26%         3
 Confusing Touch          Hex            6%         N/A       32%         3
 Summon Guardian Golem    Hex/Summ       6%         N/A       32%         3
 Vampiric Draining        Necr           6%         2d6       32%         3
 Airstrike                Air            6%         2d(1-17)  65%         4
 Orb of Destruction       Conj           8%         9d6       100%        7
 Spellforged Servitor     Conj/Summ      5%         N/A       100%        7


Dungeon Overview and Level Annotations

Branches:
Dungeon (6/15)
 Temple: D:4-7

Altars:
Okawaru
Qazlal
Sif Muna

Annotations:
D:4 3 runed translucent doors, Chingon's ghost, amateur HOFi; Notanamesir's ghost, amateur BaTm; emiel's ghost, novice NaFi; mopl's ghost, novice TeWr; shadowmeld's ghost, novice DjFE


Innate Abilities, Weirdness & Mutations

You can breathe bolts of dispelling energy.
Your rich purple scales are hard. (AC +6)
You cannot fit into any form of body armour.
You are cold-blooded and may be slowed by cold attacks.


Message History

Confirm with . or Enter, or press ? or * to list all spells.
Flames lash the wight.
The wight is lightly damaged.
The wight's fire resistance burns away.
You hit the wight but do no damage.
Your tail-slap misses the wight.
The wight is lightly damaged.
The wight barely misses you.
You hit the wight.
The wight is moderately damaged.
The wight closely misses you. The wight attacks as you move away!
The wight misses you.
The wight is no longer more vulnerable to fire.
You hit the wight.
The wight is heavily damaged.
The wight hits you with a +0 dire flail!
The wight closely misses you.
You hit the wight.
You tail-slap the wight, but do no damage.
The wight is severely damaged.
The wight hits you with a +0 dire flail.
You hit the wight but do no damage.
The wight is severely damaged.
The wight hits you with a +0 dire flail!
You feel drained.
You hit the wight but do no damage.
The wight is severely damaged.
The wight hits you with a +0 dire flail!
The wight attacks as you move away!
The wight hits you with a +0 dire flail!
* * * LOW HITPOINT WARNING * * *
The wight attacks as you move away! The wight misses you.
The wight attacks as you move away!
The wight hits you with a +0 dire flail.
* * * LOW HITPOINT WARNING * * *
You feel drained. The wight attacks as you move away!
The wight hits you with a +0 dire flail!
* * * LOW HITPOINT WARNING * * *
You feel drained.
You die...

#z#...#.# .#
#.#...#.### #.##
####.......##. ...
#.......... ..#..
.....z... ... #...(.#
#.# #
...#.....#####.###.##
#.......)zzz..z@...#
...##.#.##########..#
#.... .... #.####
.### #. # #


You could see 4 wights.

Vanquished Creatures
  2 yaks (D:5)
  2 ogres
  A phantom (D:5)
  2 jellies (D:4)
  A hound (D:3)
  A sleepcap (D:5)
  Ijyb (D:4)
  5 iguanas
  Natasha (thrice) (D:3)
  Robin (D:4)
  9 adders
  A white imp (D:6)
  An ufetubus (D:5)
  A worm (D:4)
  3 dart slugs
  8 orcs
  7 bats
  5 endoplasms
  7 giant cockroaches
  16 goblins
  9 hobgoblins
  2 jackals (D:4)
  8 quokkas
  5 ball pythons
  A frilled lizard (D:2)
  5 kobolds
  5 rats
112 creatures vanquished.

Vanquished Creatures (others)
  186 foxfires
186 creatures vanquished.

Grand Total: 298 creatures vanquished

Notes
Turn   | Place    | Note
-------+----------+-------------------------------------------
     0 | D:1      | Barriton the Draconian Fire Elementalist began the quest
                  | for the Orb.
     0 | D:1      | Reached XP level 1. HP: 14/14 MP: 3/3
   402 | D:1      | Reached XP level 2. HP: 20/20 MP: 0/5
   846 | D:1      | Learned a level 2 spell: Scorch
  1301 | D:2      | Reached XP level 3. HP: 14/26 MP: 1/6
  1970 | D:2      | Reached XP level 4. HP: 33/33 MP: 1/8
  2552 | D:3      | Learned a level 1 spell: Shock
  2591 | D:3      | Reached skill level 3 in Spellcasting
  2633 | D:3      | Noticed Natasha
  2651 | D:3      | Killed Natasha
  2670 | D:3      | Noticed Natasha
  2673 | D:3      | Killed Natasha
  2674 | D:3      | Reached XP level 5. HP: 22/38 MP: 3/10
  3104 | D:3      | Found a faded altar of an unknown god.
  3137 | D:3      | Found a shimmering blue altar of Sif Muna.
  3361 | D:3      | Found a faded altar of an unknown god.
  3361 | D:3      | Found the Hermit's Pendant {Faith Invo=14 Evo=0 MP+5}
  3527 | D:3      | Noticed Natasha
  3533 | D:3      | Killed Natasha
  3698 | D:4      | Reached skill level 4 in Spellcasting
  3698 | D:4      | Reached XP level 6. HP: 19/45 MP: 1/12
  3900 | D:4      | Noticed Robin
  3917 | D:4      | Killed Robin
  4195 | D:4      | Noticed Ijyb
  4199 | D:4      | Killed Ijyb
  5387 | D:4      | Found a runed translucent gate.
  5387 | D:4      | Found a runed translucent gate.
  5387 | D:4      | Found a runed translucent gate.
  5390 | D:4      | Noticed emiel's ghost (novice NaFi)
  5390 | D:4      | Noticed Notanamesir's ghost (amateur BaTm)
  5392 | D:4      | Noticed shadowmeld's ghost (novice DjFE)
  5392 | D:4      | Noticed mopl's ghost (novice TeWr)
  5392 | D:4      | Noticed Chingon's ghost (amateur HOFi)
  5491 | D:4      | Found an iron altar of Okawaru.
  5807 | D:5      | Entered Level 5 of the Dungeon
  5858 | D:5      | Your scales start taking on a rich purple colour.
  5858 | D:5      | Reached skill level 5 in Spellcasting
  5858 | D:5      | Reached XP level 7. HP: 28/51 MP: 1/15
  5889 | D:5      | Reached skill level 1 in Staves
  6054 | D:5      | Reached skill level 6 in Spellcasting
  6054 | D:5      | Reached skill level 5 in Fire Magic
  6156 | D:5      | Found a stormy altar of Qazlal.
  6303 | D:5      | Noticed a yak
  6308 | D:5      | Noticed a yak
  6308 | D:5      | Noticed a yak
  6314 | D:5      | Noticed a yak
  6325 | D:5      | Killed a yak
  6326 | D:5      | Reached skill level 1 in Fighting
  6326 | D:5      | Reached skill level 1 in Evocations
  6332 | D:5      | Killed a yak
  6345 | D:5      | Noticed a yak
  6353 | D:5      | Noticed a yak
  6381 | D:6      | Reached skill level 7 in Spellcasting
  6381 | D:6      | Reached XP level 8. HP: 47/59 MP: 2/18
  6402 | D:6      | HP: 1/56 [wight/+0 dire flail (11)]
  6402 | D:6      | Slain by a wight

Illustrated notes

Levels and vault maps discovered:
D:1:      evilmike_arrival_fibonacci_small, layout_basic
D:2:      layout_loops_ring
D:3:      layout_loops_ring, kennysheep_orc_sif_temple,
          chequers_ecumenical_altar_lobes, nrook_campfire,
          hellmonk_guarded_unrand_hermit, uniq_natasha
D:4:      layout_basic, marbit_many_paths, gammafunk_ghost_cemetery, uniq_ijyb,
          uniq_robin
D:5:      layout_rooms, grunt_qazlal_sundering, minmay_temple_entry_steel_oval
D:6:      layout_loops_ring, nemelex_diamond_rough_becter, trog_ov_bears_minmay,
          nicolae_overflow_quartered_altars

Skill      XL: |  1  2  3  4  5  6  7 |
---------------+----------------------+-----
Dodging        | 2 |  2.8
Stealth        | 2 |  2.3
Spellcasting   | 3 4 5 7 |  7.1
Conjurations   | 2 |  2.7
Fire Magic     | 4 5 |  5.6
Staves         | 1 |  1.3
Fighting       | 1 |  1.1
Evocations     | 2 |  2.0
Shields        | |  0.3
Unarmed Combat | |  0.9
Air Magic      | |  0.4

Action                     |  1- 3 |  4- 6 |  7- 9 || total
---------------------------+-------+-------+-------++-------
  Melee: Unarmed           |    63 |       |       ||    63
         Tailslap          |     4 |     8 |     8 ||    20
         Staff             |       |    69 |    40 ||   109
         Punch             |       |     1 |       ||     1
   Cast: Foxfire           |    62 |    63 |     9 ||   134
         Scorch            |    12 |    52 |    27 ||    91
         Shock             |       |    42 |       ||    42
    Use: Scroll            |     2 |     8 |       ||    10
         Potion            |       |     1 |       ||     1
   Stab: Sleeping          |       |     2 |       ||     2
 Armour: Skin              |    45 |    37 |    18 ||   100
  Dodge: Dodged            |    49 |    61 |    38 ||   148
  Block: Other             |       |     6 |    15 ||    21
         Reflection        |       |       |     1 ||     1

Table legend: (Time is in decaauts)
 A = Elapsed time spent in this place.
 B = Non-inter-level travel time spent in this place.
 C = Inter-level travel time spent in this place.
 D = Time resting spent in this place.
 E = Time spent auto-exploring this place.
 F = Levels seen in this place.
 G = Mean time per level.
                   A        B        C        D        E       F      G
               +--------+--------+--------+--------+--------+-----+--------+
         Total |   6443 |   6277 |    166 |      0 |   5346 |   6 | 1073.8 |
       Dungeon |   6443 |   6277 |    166 |      0 |   5346 |   6 | 1073.8 |
               +--------+--------+--------+--------+--------+-----+--------+

Top non-repeatable levels by time:
     D:4: 2131 daAuts
     D:2: 1332 daAuts
     D:3: 1294 daAuts
     D:1: 1083 daAuts
     D:5: 567 daAuts
     D:6: 34 daAuts
